 Dungeon Crawl Stone Soup version 0.31-a0-977-gc230f8ef24 (webtiles) character file.

Game seed: 7603323113487932150

3493 timneilson the Ruffian (level 10, -3/68 HPs)
             Began as an Octopode Shapeshifter on Oct 29, 2023.
             Was an Initiate of Gozag.
             Slain by a hornet (12 damage)
             ... on level 9 of the Dungeon.
             The game lasted 00:18:13 (7214 turns).

timneilson the Ruffian (Octopode Shapeshifter)      Turns: 7214, Time: 00:18:14

Health: -3/68      AC:  5    Str: 17    XL:     10   Next: 7%
Magic:  15/15      EV: 15    Int: 12    God:    Gozag
Gold:   1391       SH:  0    Dex: 13    Spells: 16/16 levels left

rFire   . .          .
                       - Unarmed
rCold   . . .        (no shield)
rNeg    . . .        (helmet currently unavailable)
rPois   .            (no amulet)
rElec   .            i - +4 ring of protection
rCorr   .            t - ring of see invisible
SInv    +            (no ring)
Will    .....        (no ring)
Stlth   ++++         (no ring)
HPRegen 0.31/turn    (no ring)
MPRegen 0.14/turn    (no ring)
                     (no ring)

%: no passive effects
@: beast-form, slowed, very slow
A: beast (slay +3), almost no armour, amphibious, 8 rings, camouflage 1,
gelatinous body 1, (nimble swimmer 1), tentacles
a: Begin Untransformation, Renounce Religion, Potion Petition, Call Merchant,
Bribe Branch


You were on level 9 of the Dungeon.
You worshipped Gozag.
Gozag was most pleased with you.
You were a hulking beast.
You visited 2 branches of the dungeon, and saw 10 of its levels.

You collected 1486 gold pieces.
You paid 95 gold pieces to Gozag.

Inventory:

Jewellery
 i - a +4 ring of protection (left tentacle)
 t - a ring of see invisible (right tentacle)
Talismans
 b - a beast talisman
 c - a flux talisman
Wands
 f - a wand of roots (10)
 o - a wand of flame (25)
Scrolls
 e - 3 scrolls of identify
 h - a scroll of immolation
 j - 3 scrolls of enchant weapon
 l - 7 scrolls of teleportation
 n - 2 scrolls of blinking
 p - a scroll of poison
 s - a scroll of enchant armour
Potions
 a - 2 potions of lignification
 d - 2 potions of invisibility
 g - a potion of attraction
 k - a potion of brilliance
 m - 2 potions of mutation


   Skills:
 * Level 6.2 Fighting
 * Level 6.4 Dodging
 - Level 5.0 Stealth
 * Level 6.9 Unarmed Combat
 + Level 3.7 Spellcasting
 + Level 3.2 Evocations
 * Level 6.3 Shapeshifting


You had 16 spell levels left.
You didn't know any spells.
Your spell library contained the following spells:

 Spells                   Type           Power      Damage    Failure   Level
 Ignite Poison            Fire/Tmut/Pois 2%         N/A       56%         3
 Sticky Flame             Conj/Fire      2%         2d3       92%         4
 Ignition                 Fire           1%         3d3       100%        8


Dungeon Overview and Level Annotations

Branches:
Dungeon (9/15)             Temple (1/1) D:5
   Lair: D:8-11         Orc: D:9-12

Altars:
Ashenzari
Cheibriados
Dithmenos
Elyvilon
Fedhas
Gozag
Hepliaklqana
Kikubaaqudgha
Makhleb
Nemelex Xobeh
Okawaru
Qazlal
Ru
Sif Muna
Trog
Uskayaw
Vehumet
Wu Jian
Xom
Zin
The Shining One

Shops:
D:4 (


Innate Abilities, Weirdness & Mutations

You are a hulking beast.
Your limbs bulge with bestial killing power. (Slay +3)
You cannot wear most types of armour.
You are amphibious.
You can wear up to eight rings at the same time.
Your skin changes colour to match your surroundings (Stealth+).
Your rubbery body absorbs attacks. (AC +1, EV +1)
((You are camouflaged when in or above water. (Stealth+)))
You have tentacles for arms and can constrict up to eight enemies at once.


Message History

You now have 1391 gold pieces (gained 10).
A hornet comes into view.
The helpless hornet fails to defend itself.
You tentacle-slap the hornet but do no damage.
Your grab misses the hornet. Your squeeze misses the hornet.
The hornet closely misses you. The hornet stings you!
You suddenly lose the ability to move!
The hornet barely misses you.
The hornet stings you but does no damage.
The hornet stings you.
You feel yourself slow down.
You feel yourself speed up.
The hornet stings you but does no damage.
You can move again.
You tentacle-slap the hornet. Your grab misses the hornet.
You squeeze the hornet.
The hornet is moderately wounded.
The hornet stings you!
You feel yourself slow down. The hornet misses you.
You closely miss the hornet. Your grab misses the hornet.
The hornet is moderately wounded.
You feel yourself speed up. The hornet stings you!
You feel yourself slow down. The hornet barely misses you.
You tentacle-slap the hornet but do no damage.
You grab the hornet. You tentacle-slap the hornet.
The hornet is moderately wounded.
You feel yourself speed up.
You constrict the hornet. The hornet misses you. The hornet stings you.
You are poisoned.
You suddenly lose the ability to move!
You lose your grip on the hornet.
You feel sick. The hornet stings you.
You feel yourself slow down.
You feel sick. The hornet stings you!
* * * LOW HITPOINT WARNING * * *
You feel as though you will be slow longer.
The hornet stings you!
* * * LOW HITPOINT WARNING * * *
You shrug off the repeated paralysis!
You can move again.
You feel better. The hornet stings you!
You die...
Your body crumbles into a pile of gold.

... .......# . ..
#......# ..
#.##......# ...
..#......#
....##.#......#
..............#
#...........#
#...yh......#
#...........# ..
#.....##..######... ..
#.....###..........#..
#.....# ##.........#..
#.....# #.........#..
#.....# #.........#..
.##...####.........#..
#.................##


You could see a hornet.

Vanquished Creatures
  A wyvern (D:8)
  A steam dragon (D:8)
  2 water moccasins (D:6)
  3 sky beasts
  An orc warrior (D:8)
  A black bear (D:5)
  2 ice beasts (D:7)
  2 ogres
  3 centaurs
  2 kobold brigands
  4 scorpions
  3 wights (D:5)
  6 electric eels (D:5)
  3 howler monkeys
  6 hounds
  3 jellies
  2 orc priests
  Terence (D:2)
  3 sleepcaps
  Jessica (D:2)
  4 orc wizards
  Natasha (thrice) (D:2 D:4)
  5 iguanas
  9 adders
  11 gnolls
  A white imp (D:5)
  2 ufetubi (D:6)
  3 worms
  A dart slug (D:4)
  26 orcs
  10 ball pythons
  4 endoplasms
  A giant cockroach (D:2)
  5 goblins
  6 hobgoblins
  4 jackals
  3 quokkas
  3 bats
  A frilled lizard (D:3)
  18 kobolds
  3 rats
173 creatures vanquished.

Notes
Turn   | Place    | Note
-------+----------+-------------------------------------------
     0 | D:1      | timneilson the Octopode Shapeshifter began the quest for
                  | the Orb.
     0 | D:1      | Reached XP level 1. HP: 13/13 MP: 1/1
   219 | D:1      | Reached XP level 2. HP: 18/18 MP: 2/2
   363 | D:1      | Found a faded altar of an unknown god.
   898 | D:2      | Noticed Natasha
   901 | D:2      | Killed Natasha
   902 | D:2      | Reached skill level 1 in Stealth
   902 | D:2      | Reached XP level 3. HP: 24/24 MP: 3/3
  1027 | D:2      | Noticed Jessica
  1032 | D:2      | Killed Jessica
  1033 | D:2      | Reached XP level 4. HP: 29/29 MP: 5/5
  1117 | D:2      | Noticed Natasha
  1191 | D:2      | Noticed Terence
  1197 | D:2      | Killed Terence
  1198 | D:2      | Reached skill level 1 in Spellcasting
  1198 | D:2      | Reached XP level 5. HP: 24/34 MP: 6/6
  2070 | D:3      | Identified a scroll of acquirement
  2070 | D:3      | Acquired 360 gold pieces
  2081 | D:4      | Found Yggier's Weapon Boutique.
  2109 | D:4      | Reached XP level 6. HP: 38/41 MP: 7/7
  2372 | D:4      | Killed Natasha
  2492 | D:4      | Noticed Natasha
  2497 | D:4      | Killed Natasha
  3044 | D:4      | Reached XP level 7. HP: 46/46 MP: 9/9
  3089 | D:5      | Entered Level 5 of the Dungeon
  3529 | D:5      | Reached XP level 8. HP: 54/54 MP: 11/11
  3550 | D:5      | Reached skill level 5 in Unarmed Combat
  3604 | D:5      | Found a staircase to the Ecumenical Temple.
  3617 | Temple   | Entered the Ecumenical Temple
  3633 | Temple   | Became a worshipper of Gozag Ym Sagoz the Greedy
  3887 | D:5      | Reached skill level 1 in Evocations
  3899 | D:5      | Reached skill level 5 in Shapeshifting
  4004 | D:5      | Found an iron altar of Okawaru.
  4130 | D:5      | Found a hazy altar of Hepliaklqana.
  4450 | D:6      | Reached skill level 5 in Dodging
  4507 | D:6      | Found a stormy altar of Qazlal.
  4652 | D:6      | Reached XP level 9. HP: 38/60 MP: 13/13
  4734 | D:6      | Reached skill level 5 in Fighting
  4877 | D:6      | Reached skill level 5 in Stealth
  5113 | D:6      | Found a shadowy altar of Dithmenos.
  5803 | D:7      | Found a burning altar of Makhleb.
  6350 | D:8      | Identified the +1 mace "Neditav" {venom, rN+ rCorr Stlth-}
  6609 | D:8      | Reached XP level 10. HP: 51/68 MP: 15/15
  7205 | D:9      | Paralysed by a hornet for 3 turns
  7211 | D:9      | Paralysed by a hornet for 3 turns
  7213 | D:9      | HP: 3/68 [hornet (9)]
  7214 | D:9      | Slain by a hornet

Illustrated notes

Levels and vault maps discovered:
D:1:      lemuel_arrival_tunnels, layout_basic, basic_ecumenical_altar,
          minmay_bisected
D:2:      layout_basic, nicolae_wormholes, uniq_terence, uniq_jessica,
          uniq_natasha
D:3:      layout_rooms
D:4:      layout_gridville, serial_shops, nicolae_stop_n_shop_1,
          nicolae_kite_square_tiling_tiny, amcnicky_mini_corridor_feature
D:5:      cheibrodos_two_vegetables, layout_basic, general_overflow_altar,
          lemuel_coloured_pillars_altar, minmay_temple_entry_glassed_door
D:6:      layout_rooms, grunt_qazlal_sundering, lemuel_round_altar
D:7:      layout_basic, old_standard_altar
D:8:      layout_rooms, serial_curves, eino_curves_02, eino_curves_04
D:9:      layout_basic, uniq_maurice
Temple:   eino_temple_rhombus

Skill      XL: |  1  2  3  4  5  6  7  8  9 |
---------------+----------------------------+-----
Stealth        | 1 2 3 4 5 |  5.0
Fighting       | 2 3 4 6 |  6.2
Spellcasting   | 1 2 3 |  3.7
Dodging        | 3 4 5 6 |  6.4
Unarmed Combat | 4 5 6 |  6.9
Shapeshifting  | 4 5 6 |  6.3
Evocations     | 1 3 |  3.2

Action                     |  1- 3 |  4- 6 |  7- 9 | 10-12 || total
---------------------------+-------+-------+-------+-------++-------
  Melee: Unarmed           |    46 |   112 |   242 |    19 ||   419
         Constrict         |    12 |    32 |    49 |     3 ||    96
         Tentacles         |     6 |    26 |    70 |     5 ||   107
         Punch             |       |     7 |    17 |     1 ||    25
  Evoke: Wand              |       |       |     5 |       ||     5
    Use: Scroll            |     4 |     6 |     6 |     2 ||    18
         Potion            |       |       |     1 |     2 ||     3
   Stab: Sleeping          |     2 |    10 |     9 |     2 ||    23
         Distracted        |       |       |     1 |       ||     1
 Armour: Skin              |    15 |    48 |   116 |    23 ||   202
  Dodge: Dodged            |    37 |    59 |   151 |    24 ||   271

Table legend: (Time is in decaauts)
 A = Elapsed time spent in this place.
 B = Non-inter-level travel time spent in this place.
 C = Inter-level travel time spent in this place.
 D = Time resting spent in this place.
 E = Time spent auto-exploring this place.
 F = Levels seen in this place.
 G = Mean time per level.
                   A        B        C        D        E       F      G
               +--------+--------+--------+--------+--------+-----+--------+
         Total |   7183 |   6821 |    362 |   1003 |   3756 |  10 |  718.3 |
       Dungeon |   7150 |   6818 |    332 |   1003 |   3756 |   9 |  794.4 |
        Temple |     32 |      2 |     30 |      0 |      0 |   1 |   32.0 |
               +--------+--------+--------+--------+--------+-----+--------+

Top non-repeatable levels by time:
     D:5: 1431 daAuts
     D:6: 975 daAuts
     D:4: 946 daAuts
     D:1: 895 daAuts
     D:7: 776 daAuts
     D:3: 716 daAuts
     D:8: 636 daAuts
     D:2: 574 daAuts
     D:9: 198 daAuts
  Temple: 32 daAuts
